 Dungeon Crawl Stone Soup version 0.21.1-1-g345015f (webtiles) character file.

116 letownia2 the Spear-Bearer (level 5, 0/38 HPs)
             Began as a Merfolk Gladiator on Feb 13, 2018.
             Was an Initiate of Trog.
             Succumbed to a kobold's poison
             ... on level 3 of the Dungeon.
             The game lasted 00:04:04 (769 turns).

letownia2 the Spear-Bearer (Merfolk Gladiator)       Turns: 769, Time: 00:04:04

Health: 0/38       AC:  4    Str: 15    XL:     5   Next: 1%
Magic:  5/5        EV: 14    Int:  8    God:    Trog [......]
Gold:   52         SH:  0    Dex: 15    Spells: 4/4 levels left

rFire    . . .     SeeInvis .   a - +0 trident
rCold    . . .     Gourm    .   (no shield)
rNeg     . . .     Faith    .   b - +0 leather armour
rPois    .         Spirit   .   c - +0 helmet
rElec    .         Reflect  .   (no cloak)
rCorr    .         Harm     .   (no gloves)
MR       .....     Rnd*Tele +   (no boots)
Stlth    +.........             (no amulet)
HPRegen  0.12/turn              k - ring of teleportation (curse)
MPRegen  0.09/turn              (no ring)

@: lethally poisoned (0 -> -7)
A: change form in water, swift swim, stealthy swim
a: Burn Spellbooks, Renounce Religion


You were on level 3 of the Dungeon.
You worshipped Trog.
Trog was noncommittal.
You were not hungry.

You visited 1 branch of the dungeon, and saw 4 of its levels.

You collected 52 gold pieces.

Inventory:

Hand Weapons
 a - a +0 trident (weapon)
 g - a +0 short sword of venom
Armour
 b - a +0 leather armour (worn)
 c - a +0 helmet (worn)
Jewellery
 k - a cursed ring of teleportation (left hand)
Scrolls
 e - a scroll of identify {unknown}
 h - 2 scrolls of remove curse {unknown}
 j - a scroll of amnesia {unknown}
 m - a scroll of magic mapping {unknown}
 n - a scroll of teleportation {unknown}
Potions
 i - 2 potions of curing {unknown}
 l - a potion of haste {unknown}
Comestibles
 f - 3 rations


   Skills:
 - Level 2.1 Fighting
 + Level 8.0 Polearms
 - Level 2.0 Throwing
 - Level 4.0 Dodging


You had 4 spell levels left.
You didn't know any spells.

Dungeon Overview and Level Annotations

Branches:
Dungeon (4/15)
 Temple: D:4-7

Altars:
Dithmenos
Trog
Zin


Message History

A kobold comes into view. It is wielding an enchanted blowgun.
You see here a poisoned needle.
The orc shouts!
The quokka closely misses you.
The kobold moves out of view.
Unknown command.
You feel sick. The quokka barely misses you.
The kobold shoots a poisoned needle.
The poisoned needle hits you!
You are lethally poisoned!
You see here a poisoned needle.
* * * LOW HITPOINT WARNING * * *
You feel sick.
* * * LOW HITPOINT WARNING * * *
You feel sick.
Unknown command.
* * * LOW HITPOINT WARNING * * *
You feel sick.
* * * LOW HITPOINT WARNING * * *
You feel sick.
Unknown command.
You die...

#......(..>.# #.#
#.........#.# #..
#......(.Z#.#
####
#.......os#.#####
#..........(....#
#.....g.K.#..##.#
#.....r...#....
######.####....
#.@.# ......
#.### ........ #.
...>..... ..
#.......... ...
#... #... ####


You could see an orc, a quokka, a giant cockroach, a hobgoblin, a kobold and an
adder skeleton.

Vanquished Creatures
  A hound (D:2)
  A gnoll (D:3)
  3 adders
  An ooze (D:2)
  A worm (D:2)
  A dart slug (D:1)
  7 bats
  3 giant cockroaches
  5 goblins
  6 hobgoblins
  A quokka (D:3)
  A ball python (D:2)
  A frilled lizard (D:3)
  4 kobolds
  4 rats
40 creatures vanquished.

Notes
Turn   | Place    | Note
-------+----------+-------------------------------------------
     0 | D:1      | letownia2 the Merfolk Gladiator began the quest for the Orb.
     0 | D:1      | Reached XP level 1. HP: 16/16 MP: 1/1
    26 | D:1      | Reached skill level 5 in Polearms
   156 | D:1      | Reached XP level 2. HP: 22/22 MP: 2/2
   265 | D:2      | Reached skill level 6 in Polearms
   265 | D:2      | Reached XP level 3. HP: 24/27 MP: 3/3
   356 | D:2      | Reached skill level 7 in Polearms
   356 | D:2      | Reached XP level 4. HP: 23/33 MP: 4/4
   591 | D:2      | Found a shadowy altar of Dithmenos.
   625 | D:2      | Found a glowing silver altar of Zin.
   661 | D:3      | Found a bloodstained altar of Trog.
   666 | D:3      | Became a worshipper of Trog the Wrathful
   746 | D:3      | Reached skill level 8 in Polearms
   746 | D:3      | Reached XP level 5. HP: 12/38 MP: 5/5
   768 | D:3      | HP: 1/38 [poisoned by a kobold]
   769 | D:3      | Succumbed to a kobold's poison

Skill      XL: |  1  2  3  4 |
---------------+-------------+-----
Polearms       | 5 6 7 8 |  8.0
Fighting       | |  2.1
Throwing       | |  2.0
Dodging        | |  4.0

Action                   |  1- 3 |  4- 6 || total
-------------------------+-------+-------++-------
Melee: Trident           |    70 |    83 ||   153
Throw: Throwing net      |     1 |     3 ||     4
 Stab: Held in net/web   |     1 |       ||     1
Armor: Leather armour    |    20 |    18 ||    38
Dodge: Dodged            |    54 |    62 ||   116
